Map: Oxide LE

Players

ViBE - Winner!

  • Race: Protoss Protoss
  • League: Platinum
  • Spawn Location: 1:00

phasiC

  • Race: Zerg Zerg
  • League: Platinum
  • Spawn Location: 7:00

VOD

Have the link to the VOD?

Description

Time

  • Played on: March 27, 2021, 7:54 p.m.
  • Length: 11:18
Show
View Real Time Build Order
Export as new Build Order

ViBE Protoss - Winner!

Build Orders: 1 Gate Expand, Archon Immortal 

Get SALT Encoding   

  12  0:01  Probe  
  13  0:13  Probe  
  14  0:22  Pylon  
  14  0:26  Probe  
  15  0:40  Probe (Chrono Boost)  
  15  0:41  Gateway  
  16  0:49  Assimilator  
  16  0:52  Probe (Chrono Boost)  
  17  0:58  Probe (Chrono Boost)  
  18  1:07  Probe  
  19  1:19  Probe  
  20  1:29  Nexus  
  20  1:35  Cybernetics Core  
  20  1:37  Probe  
  21  1:42  Zealot (Chrono Boost)  
  23  1:53  Gateway  
  23  2:02  Pylon  
  23  2:06  Pylon  
  23  2:22  Assimilator  
  23  2:24  Probe, Stalker  
  26  2:37  Probe  
  29  2:44  Probe  
  29  2:46  Warp Gate  
  29  2:49  Probe  
  31  2:56  Probe, Shield Battery  
  32  2:59  Pylon  
  32  3:02  Gateway  
  32  3:03  Probe  
  31  3:08  Probe  
  31  3:09  Sentry  
  34  3:16  Probe  
  33  3:21  Probe (Chrono Boost)  
  34  3:28  Probe (Chrono Boost)  
  34  3:33  Probe (Chrono Boost)  
  36  3:37  Stalker  
  36  3:39  Probe (Chrono Boost)  
  40  3:41  Probe (Chrono Boost)  
  40  3:42  Pylon  
  40  3:44  Probe (Chrono Boost)  
  40  3:47  Probe  
  41  3:52  Stalker  
  41  3:54  Probe  
  45  3:59  Probe  
  45  4:00  Robotics Facility  
  46  4:06  Probe (Chrono Boost)  
  47  4:11  Probe (Chrono Boost)  
  48  4:19  Probe (Chrono Boost)  
  48  4:23  Probe (Chrono Boost)  
  50  4:26  Probe (Chrono Boost)  
  50  4:28  Probe (Chrono Boost)  
  50  4:31  Nexus  
  52  4:32  Probe  
  52  4:34  Pylon  
  52  4:37  Probe  
  54  4:39  Pylon  
  54  4:45  Probe  
  55  4:49  Probe  
  55  4:52  Assimilator x2  
  56  4:57  Probe  
  57  5:01  Probe  
  58  5:09  Probe  
  58  5:13  Probe  
  60  5:17  Immortal  
  60  5:19  Stalker x2  
  60  5:21  Probe  
  69  5:26  Probe  
  70  5:32  Gateway x2  
  70  5:33  Probe  
  70  5:35  Gateway  
  71  5:36  Gateway  
  71  5:38  Probe (Chrono Boost)  
  73  5:43  Probe (Chrono Boost)  
  73  5:45  Probe (Chrono Boost)  
  75  5:50  Probe (Chrono Boost)  
  75  5:54  Probe (Chrono Boost)  
  75  5:55  Probe (Chrono Boost)  
  75  5:56  Probe (Chrono Boost), Forge  
  78  5:58  Probe (Chrono Boost)  
  78  6:00  Probe (Chrono Boost), Twilight Council  
  78  6:02  Forge  
  80  6:06  Pylon  
  80  6:08  Probe, Pylon  
  80  6:09  Probe  
  82  6:11  Probe  
  82  6:12  Pylon, Stalker  
  82  6:14  Stalker  
  87  6:20  Probe  
  87  6:25  Assimilator x2  
  88  6:31  Nexus  
  88  6:34  Pylon  
  88  6:36  Templar Archives  
  88  6:38  Immortal  
  92  6:42  Stalker  
  92  6:43  Probe x3  
  92  6:46  Stalker  
  99  6:50  Stalker  
  99  6:52  Stalker  
  103  6:54  Stalker  
  103  6:56  Stalker  
  103  6:59  Protoss Ground Weapons Level 1 (Chrono Boost), Protoss Ground Armor Level 1 (Chrono Boost)  
  107  7:02  Probe  
  107  7:03  Probe x2  
  110  7:13  Pylon  
  110  7:14  Pylon  
  110  7:17  Observer, Pylon  
  111  7:25  Probe x2  
  111  7:26  Probe  
  111  7:27  Charge  
  112  7:30  High Templar x4  
  120  7:37  Archon x2  
  120  7:38  Probe x3  
  123  7:49  Probe, Pylon, Assimilator  
  123  7:50  Probe, Assimilator  
  125  7:51  Probe  
  125  7:52  Probe  
  127  8:01  Probe, High Templar x2, Pylon  
  127  8:02  Probe  
  127  8:04  Probe  
  134  8:12  Gateway  
  134  8:13  Gateway  
  134  8:14  Gateway  
  134  8:17  Gateway  
  134  8:25  Zealot  
  134  8:26  Zealot x3  
  146  8:27  Immortal  
  146  8:43  Zealot x2  
  150  8:56  Protoss Ground Weapons Level 2 (Chrono Boost), Protoss Ground Armor Level 2 (Chrono Boost)  
  150  9:06  Archon  
  150  9:12  Robotics Facility  
  150  9:17  Nexus  
  150  9:18  Gateway  
  150  9:20  Gateway, Pylon  
  150  9:22  Gateway, Pylon, Zealot x2  
  150  9:23  Zealot x5  
  164  9:24  Gateway, Zealot x3  
  164  9:26  Immortal  
  164  9:28  Gateway  
  164  9:31  Gateway  
  174  9:41  Pylon  
  174  9:45  Pylon  
  174  9:48  High Templar x2  
  174  9:49  High Templar x3  
  174  9:52  Pylon  
  184  9:53  Gateway x2  
  184  9:55  High Templar  
  184  9:56  Gateway  
  184  9:57  Pylon  
  184  9:58  Gateway  
  184  9:59  Archon x3  
  186  10:01  High Templar x2  
  186  10:02  High Templar x2  
  186  10:04  Pylon  
  186  10:05  Immortal  
  186  10:06  Observer  
  199  10:08  Pylon  
  199  10:16  Pylon  
  199  10:18  Archon  
  199  10:19  Archon  
  199  10:21  Pylon  
  199  10:27  Observer  
  190  10:53  Zealot x2  
  190  10:54  Zealot x5  
  190  10:55  Zealot x3  
  200  11:02  Assimilator  
  200  11:04  Assimilator  
Show
View Real Time Build Order
Export as new Build Order

phasiC Zerg 

Build Orders: Pool First 

Get SALT Encoding   

  12  0:18  Spawning Pool  
  11  0:21  Drone  
  12  0:32  Drone x2  
  14  0:52  Overlord  
  14  1:09  Hatchery  
  13  1:12  Zergling x4  
  13  1:15  Zergling x2  
  16  1:20  Extractor  
  16  1:24  Drone  
  16  1:35  Drone  
  17  1:45  Drone  
  18  1:59  Drone  
  19  2:02  Queen  
  21  2:19  Baneling Nest  
  21  2:20  Drone  
  21  2:21  Drone x2  
  23  2:23  Queen  
  25  2:40  Drone x3  
  28  3:05  Metabolic Boost  
  27  3:17  Drone x2  
  27  3:18  Drone  
  28  3:32  Overlord  
  28  3:35  Overlord  
  28  3:50  Spine Crawler, Queen  
  28  3:55  Spine Crawler  
  28  4:01  Drone x5  
  33  4:04  Lair  
  33  4:08  Extractor  
  32  4:12  Drone  
  33  4:20  Drone x6  
  39  4:24  Extractor  
  39  4:25  Queen  
  39  4:26  Extractor  
  39  4:33  Spore Crawler  
  38  4:39  Drone, Spore Crawler  
  38  4:52  Zergling x2  
  39  4:53  Zergling x10  
  44  5:02  Burrow  
  44  5:16  Baneling x4  
  44  5:17  Baneling x5  
  44  5:19  Overlord  
  44  5:20  Overlord x2  
  44  5:28  Overseer  
  44  5:34  Centrifical Hooks  
  44  5:39  Drone x3  
  44  5:40  Drone  
  48  5:45  Drone  
  48  5:46  Drone  
  50  5:55  Drone x3  
  53  6:06  Drone x3  
  56  6:19  Drone x2  
  56  6:23  Hatchery  
  57  6:33  Overlord  
  57  6:41  Zergling x6  
  57  6:42  Zergling x2  
  61  6:50  Hydralisk Den  
  61  6:51  Overseer  
  60  6:58  Drone, Evolution Chamber  
  60  6:59  Drone x3  
  60  7:00  Evolution Chamber  
  62  7:11  Drone x2  
  62  7:15  Drone x4  
  63  7:33  Zergling x2  
  63  7:34  Zergling x8  
  66  7:39  Drone  
  66  7:41  Hatchery  
  66  7:46  Lurker Den  
  65  7:54  Spine Crawler x2  
  65  7:55  Drone x5  
  65  7:58  Spine Crawler  
  67  8:01  Zerg Melee Weapons Level 1, Zerg Ground Armor Level 1  
  67  8:03  Drone x2  
  69  8:05  Baneling  
  69  8:06  Baneling x7  
  69  8:07  Baneling x4  
  69  8:20  Drone  
  69  8:21  Drone x3  
  69  8:26  Extractor x2  
  71  8:32  Muscular Augments  
  71  8:41  Zergling x2  
  71  8:42  Zergling x2  
  71  8:44  Overlord x2  
  71  8:45  Overlord x5  
  73  8:54  Spore Crawler  
  72  9:03  Zergling x2  
  72  9:04  Zergling x12  
  72  9:05  Zergling x12  
  85  9:10  Zergling x4  
  85  9:16  Queen  
  89  9:21  Drone x2  
  89  9:22  Drone x4  
  95  9:24  Baneling  
  95  9:25  Baneling x5  
  95  9:26  Baneling  
  95  9:34  Drone x5  
  95  9:37  Overlord  
  100  9:58  Drone x5  
  100  9:59  Drone x2, Hatchery  
  106  10:10  Hydralisk  
  106  10:37  Lurker  
  106  10:39  Hydralisk x9  
  106  10:40  Hydralisk x3  
  119  10:54  Zergling x10  
  119  10:55  Zergling x8  
Tags
 
Add a new tag
Caveats
  • Supply blocks, unpowered buildings, or Contaminate may cause inaccurate times.
  • Supply counts are checked every 10 seconds.